 Dungeon Crawl Stone Soup version 0.22-a0-429-g97ce8ef (webtiles) character file.

109 Gorglomux the Sneak (level 4, -6/24 HPs)
             Began as a Spriggan Berserker on May 25, 2018.
             Killed by the fiery rage of Trog (29 damage)
             ... on level 2 of the Dungeon.
             The game lasted 00:04:32 (3512 turns).

Gorglomux the Sneak (Spriggan Berserker)            Turns: 3512, Time: 00:04:32

Health: -6/24      AC:  2    Str: 14    XL:     4   Next: 60%
Magic:  5/5        EV: 19    Int:  8    God:
Gold:   235        SH:  0    Dex: 15    Spells: 3/3 levels left

rFire    . . .     SeeInvis +   a - +0 short sword
rCold    . . .     Gourm    .   (shield restricted)
rNeg     . . .     Faith    .   b - +0 animal skin
rPois    .         Spirit   .   (helmet restricted)
rElec    .         Reflect  .   (no cloak)
rCorr    .         Harm     .   (gloves unavailable)
MR       .....                  (boots unavailable)
Stlth    +++.......             (no amulet)
HPRegen  0.08/turn              (no ring)
MPRegen  0.09/turn              (no ring)

@: very quick
A: very small, unfitting armour, see invisible, herbivore, speed 3, slow
metabolism 2
a: no special abilities


You were on level 2 of the Dungeon.
You were hungry.

You visited 1 branch of the dungeon, and saw 3 of its levels.

You collected 235 gold pieces.

Inventory:

Hand Weapons
 a - a +0 short sword (weapon)
Missiles
 f - 39 sling bullets
Armour
 b - a +0 animal skin (worn)
Scrolls
 g - a scroll of identify {unknown}
 h - a scroll of amnesia {unknown}
 i - 2 scrolls of remove curse {unknown}
 k - 2 scrolls of immolation {unknown}
 l - a scroll of fear {unknown}
Potions
 d - a potion of curing {unknown}
 e - a potion of lignification {unknown}
 j - 2 potions of heal wounds {unknown}
 m - a potion of invisibility {unknown}
Comestibles
 c - 3 rations


   Skills:
 + Level 3.5 Fighting
 - Level 3.2 Short Blades
 - Level 4.4 Dodging
 - Level 5.0 Stealth


You had 3 spell levels left.
You didn't know any spells.
Your spell library was empty.

Dungeon Overview and Level Annotations

Branches:
Dungeon (3/15)

Altars:


Innate Abilities, Weirdness & Mutations

You are very small and have problems with some larger weapons.
You are too small for most types of armour.
You have supernaturally acute eyesight. (SInv)
You are a herbivore.
You cover ground extremely quickly.
You need to consume almost no food.


Message History

You annihilate the jackal!!!
The jackal closely misses you!
Butt barely miss the butt!
The jackal misses you!
You closely miss the jackal!
The jackal misses butt!
You closely miss the jackal! The jackal butt-ly misses you!
You spit the butt but do no damage! The jackal misses you! x2
You skewer the jackal like a kebab!
The jackal is almost dead!
The jackal bites you!
You perforate the jackal like a sieve!
You annihilate the jackal!!!
Butt see here a jackal corpse!
There is a stone staircase butt down here!
No target in view!!!
You start resting!
You feel Trog's fiery rage upon you!!!
Butt is a sudden and violent explosion of flames!!!
The fireball engulfs you!!!
DANG rip

######.##.#####......#.........#
.......##.......)...#.###.######
#####..########.....#.# #.# #
#..# ###.###.# #.# # #..# #.#
#.# #.####### #####..###### #.#
#.# #........
...÷........#####.# #[#
########.
#####.#####.......###.# #.
#...........@>†...# #. #
#.###########.##### #. #
#.##..........# #. #
#.##.########## #.
#####.##.####### #.
..(............# ##########.
##.#####.#####.# #..........
....# #.# #.# #.######### ##..#
#.#####.########.#


There were no monsters in sight!

Vanquished Creatures
  3 adders (D:2)
  2 dart slugs
  2 leopard geckos (D:1)
  7 bats
  2 giant cockroaches (D:2)
  16 goblins
  11 hobgoblins
  8 jackals
  A quokka (D:2)
  A ball python (D:2)
  4 frilled lizards
  8 kobolds
  3 rats
68 creatures vanquished.

Vanquished Creatures (others)
  20 fungi (D:1)
20 creatures vanquished.

Grand Total: 88 creatures vanquished

Notes
Turn   | Place    | Note
-------+----------+-------------------------------------------
     0 | D:1      | Gorglomux the Spriggan Berserker began the quest for the Orb.
     0 | D:1      | Reached XP level 1. HP: 11/11 MP: 2/2
     8 | D:1      | Fell from the grace of Trog
    19 | D:1      | Reached skill level 1 in Stealth
   176 | D:1      | Reached skill level 2 in Stealth
   249 | D:1      | Reached XP level 2. HP: 7/16 MP: 3/3
   255 | D:1      | Reached skill level 3 in Stealth
   579 | D:1      | Noticed a polar bear
   579 | D:1      | Noticed a polar bear
   579 | D:1      | Noticed a polar bear
   732 | D:1      | Reached skill level 4 in Stealth
  1366 | D:1      | Reached XP level 3. HP: 16/19 MP: 4/4
  2299 | D:2      | Reached skill level 5 in Stealth
  2652 | D:2      | Reached XP level 4. HP: 22/23 MP: 5/5
  2703 | D:2      | Reached skill level 3 in Fighting
  3512 | D:2      | Killed by the fiery rage of Trog

Vault maps used:
D:1:      scummos_arrival_checkerplants
D:2:      cheibrodos_greedy_goblins, first_ration, minmay_misc_feat_x
D:3:      trog_three_pillars_becter, uniq_crazy_yiuf_cottage

Skill      XL: |  1  2  3  4 |
---------------+-------------+-----
Stealth        | 2 4 5 |  5.0
Fighting       | 3 |  3.5
Short Blades   | |  3.2
Dodging        | |  4.4

Action                   |  1- 3 |  4- 6 || total
-------------------------+-------+-------++-------
Melee: Short sword       |   211 |    50 ||   261
Invok: Renounce Religion |     1 |       ||     1
 Stab: Distracted        |     1 |       ||     1
       Sleeping          |     2 |     8 ||    10
Armor: Animal skin       |    18 |     2 ||    20
Dodge: Dodged            |   170 |    46 ||   216

Table legend:
 A = Spawn XP
 B = Non-spawn XP
 C = Spawn XP percentage of total XP
 D = Spawn monster count
 E = Non-spawn monster count
 F = Spawn count percentage of total count
 G = Total turns spent on level
                    A         B        C        D         E        F      G
               +---------+---------+-------+---------+---------+-------+---------
         Total |       0 |     157 |   0.0 |       0 |      68 |   0.0 |  3512
               +---------+---------+-------+---------+---------+-------+---------
           D:1 |       0 |      48 |   0.0 |       0 |      27 |   0.0 |  2246
           D:2 |       0 |     102 |   0.0 |       0 |      38 |   0.0 |  1216
           D:3 |       0 |       7 |   0.0 |       0 |       3 |   0.0 |    50
               +---------+---------+-------+---------+---------+-------+---------
